 Dungeon Crawl Stone Soup version 0.29-a0-839-g4793fd635e (webtiles) character file.

Game seed: 14094350850335811058

6665 Malachi the Skirmisher (level 10, -4/74 HPs)
             Began as a Demigod Hunter on July 14, 2022.
             Killed by the air
             ... invoked by Gastronok
              (20 damage)
             ... on level 10 of the Dungeon.
             The game lasted 00:12:15 (8389 turns).

Malachi the Skirmisher (Demigod Hunter)             Turns: 8389, Time: 00:12:15

Health: -4/74      AC: 29    Str: 22    XL:     10   Next: 45%
Magic:  13/13      EV:  7    Int: 10    God:
Gold:   529        SH:  0    Dex: 25    Spells: 9/9 levels left

rFire   + . .      SeeInvis .   p - +5 long sword (vamp)
rCold   . . .      Faith    .   (no shield)
rNeg    + . .      Spirit   .   c - +15 Maxwell's patent armour {-Cast -Tele rElec Will+ rCorr}
rPois   +          Reflect  .   q - +1 helmet {Int+3}
rElec   +          Harm     .   e - +0 cloak
rCorr   +          Rampage  .   (no gloves)
Will    ++...      NoTele   +   (no boots)
Stlth   .......... NoCast   +   v - amulet of the acrobat
HPRegen 0.22/turn               m - ring of Qoir {rF+ rN+ Str+6 Int-4}
MPRegen 0.13/turn               I - ring of poison resistance

@: studying Spellcasting
A: high MP 1, forlorn, divine attributes
a: no special abilities


You were on level 10 of the Dungeon.
You visited 1 branch of the dungeon, and saw 10 of its levels.
You also visited: Sewer.

You collected 529 gold pieces.

Inventory:

Hand Weapons
 l - the +7 sling of Might {speed, Will+ Dex+4 Stlth+}
   (You found it on level 2 of the Dungeon)

   Attacks with this weapon are significantly faster.
   Dex:       It affects your dexterity (+4).
   Will:      It increases your willpower.
   Stlth:     It makes you more stealthy.
 p - a +5 vampiric long sword (weapon)
 M - the +8 dagger of Viosues {protect, Str+3}
   (You found it on level 9 of the Dungeon)

   It grants its wielder temporary protection when it strikes (+7 to AC).
   Str:       It affects your strength (+3).
Armour
 c - the +15 Maxwell's patent armour (worn) {-Cast -Tele rElec Will+ rCorr}
   (You acquired it on level 4 of the Dungeon)

   rElec:     It insulates you from electricity.
   -Cast:     It prevents spellcasting.
   -Tele:     It prevents most forms of teleportation.
   rCorr:     It protects you from acid and corrosion.
   Will:      It increases your willpower.
 e - a +0 cloak (worn)
 q - a +1 helmet of intelligence (worn)
 u - the +1 leather armour of Cahihi {Rampage rF++ rC+ Str-3}
   (You found it on level 4 of the Dungeon)

   Str:       It affects your strength (-3).
   rF:        It greatly protects you from fire.
   rC:        It protects you from cold.
   Rampage:   It bestows one free step when moving towards enemies.
Jewellery
 a - a ring of fire
 d - a ring of positive energy
 m - the ring of Qoir (left hand) {rF+ rN+ Str+6 Int-4}
   (You acquired it on level 4 of the Dungeon)

   [ring of strength]

   Str:       It affects your strength (+6).
   Int:       It affects your intelligence (-4).
   rF:        It protects you from fire.
   rN:        It protects you from negative energy.
 r - an amulet of guardian spirit
 v - an amulet of the acrobat (around neck)
 B - a ring of positive energy
 D - a ring of magical power
 I - a ring of poison resistance (right hand)
 K - a ring of wizardry
Wands
 w - a wand of flame (44)
 H - a wand of digging (6)
 J - a wand of polymorph (9)
 L - a wand of quicksilver (3)
 N - a wand of paralysis (4)
Scrolls
 b - a scroll of immolation
 f - a scroll of amnesia
 g - 3 scrolls of fog
 k - 3 scrolls of teleportation
 n - 4 scrolls of identify
 o - a scroll of enchant weapon
 x - 2 scrolls of vulnerability
 O - a scroll of poison {unknown}
Potions
 h - 5 potions of curing
 i - 5 potions of lignification
 j - a potion of invisibility
 s - a potion of might {unknown}
 t - 2 potions of berserk rage
 z - a potion of cancellation {unknown}
 A - a potion of degeneration {unknown}
 C - a potion of haste {unknown}
 E - 2 potions of brilliance {unknown}
 F - 2 potions of flight {unknown}
 G - 3 potions of mutation {unknown}


   Skills:
 - Level 2.6 Fighting
 + Level 0.2(2.2) Short Blades
 - Level 3.7 Long Blades
 + Level 0.2(0.4) Axes
 + Level 0.2(0.4) Maces & Flails
 + Level 0.2(0.4) Polearms
 + Level 0.2(0.4) Staves
 - Level 14.0 Ranged Weapons
 + Level 0.2 Throwing
 - Level 2.6 Armour
 - Level 1.7 Dodging
 - Level 0.8 Stealth
 + Level 1.6 Shields
 + Level 0.2 Unarmed Combat
 + Level 0.4 Spellcasting
 + Level 0.2 Conjurations
 + Level 0.2 Hexes
 + Level 0.2 Summonings
 + Level 0.2 Necromancy
 + Level 0.4 Translocations
 + Level 0.2 Transmutations
 + Level 0.2 Fire Magic
 + Level 0.2 Ice Magic
 + Level 0.2 Air Magic
 + Level 0.2 Earth Magic
 + Level 0.3 Poison Magic
 - Level 0.2 Evocations


You had 9 spell levels left.
You didn't know any spells.
Your spell library contained the following spells:

 Spells                   Type           Power      Damage    Failure   Level
 Sandblast                Erth           0%         2d4       100%        1
 Shock                    Conj/Air       0%         1d3       100%        1
 Slow                     Hex            0%         N/A       100%        1
 Summon Small Mammal      Summ           0%         N/A       100%        1
 Ensorcelled Hibernation  Hex/Ice        0%         N/A       100%        2
 Passwall                 Tmut/Erth      0%         N/A       100%        2
 Poisonous Vapours        Pois/Air       0%         N/A       100%        2
 Scorch                   Fire           0%         2d5       100%        2
 Static Discharge         Conj/Air       0%         3-3/arc   100%        2
 Call Canine Familiar     Summ           0%         N/A       100%        3
 Confusing Touch          Hex            0%         N/A       100%        3
 Gell's Gravitas          Tloc           1%         N/A       100%        3
 Lesser Beckoning         Tloc           1%         N/A       100%        3
 Spider Form              Tmut/Pois      0%         N/A       100%        3
 Stone Arrow              Conj/Erth      0%         3d7       100%        3
 Summon Guardian Golem    Hex/Summ       0%         N/A       100%        3
 Teleport Other           Tloc           1%         N/A       100%        3
 Vampiric Draining        Necr           0%         2d6       100%        3
 Anguish                  Hex/Necr       0%         N/A       100%        4
 Corpse Rot               Necr/Pois/Air  0%         N/A       100%        4
 Flame Wave               Conj/Fire      0%         2d4       100%        4
 Olgreb's Toxic Radiance  Pois           0%         N/A       100%        4
 Fireball                 Conj/Fire      0%         3d3       100%        5
 Freezing Cloud           Conj/Ice/Air   0%         6-21      100%        5
 Simulacrum               Ice/Necr       0%         N/A       100%        6
 Starburst                Conj/Fire      0%         6d3       100%        6
 Summon Cactus Giant      Summ           0%         N/A       100%        6
 Orb of Destruction       Conj           0%         9d5       100%        7
 Ozocubu's Refrigeration  Ice            0%         4d5       100%        7
 Spellforged Servitor     Conj/Summ      0%         N/A       100%        7
 Ignition                 Fire           0%         3d3       100%        8
 Fire Storm               Conj/Fire      0%         5d1       100%        9
 Polar Vortex             Ice            0%         N/A       100%        9


Dungeon Overview and Level Annotations

Branches:
Dungeon (10/15)            Temple (0/1) D:6             Orc (0/2) D:9
  Sewer (visited)
   Lair: D:8-11

Shops:
D:5 =

Annotations:
D:10 Gastronok


Innate Abilities, Weirdness & Mutations

You have an increased reservoir of magic. (+10% MP)
You shall have no god before yourself.
Your divine heritage dramatically boosts your attributes as you level up.


Message History

Gastronok bites you!
You slash Gastronok!
Gastronok is moderately wounded.
You slash Gastronok!
You feel better.
Gastronok is moderately wounded.
Gastronok bites you but does no damage.
You hit Gastronok.
You feel better.
Gastronok is moderately wounded.
Gastronok bites you!!
You are too injured to fight recklessly!
You are too injured to fight recklessly!
You are too injured to fight recklessly!
You are too injured to fight recklessly!
You slash Gastronok!
Gastronok is moderately wounded.
You slash Gastronok!
You feel better.
Gastronok is heavily wounded.
Gastronok bites you!
You hit Gastronok.
Gastronok is heavily wounded.
You hit Gastronok but do no damage.
Gastronok is heavily wounded.
Gastronok completely misses you.
You slash Gastronok!
You feel better.
Gastronok is heavily wounded.
Gastronok waves his eye-stalks in wide circles.
The air twists around and strikes you.
You hit Gastronok.
You feel better.
Gastronok is heavily wounded.
You hit Gastronok.
Gastronok is heavily wounded.
Gastronok bites you!!
* * * LOW HITPOINT WARNING * * *
You hit Gastronok.
You feel better.
Gastronok is heavily wounded.
You hit Gastronok but do no damage.
Gastronok is heavily wounded.
Gastronok waves his eye-stalks in wide circles.
The air twists around and strikes you!!
You die...

########## ###########
.........# ###..........
.........###.'..@.......
.........'...#...w......
.........#####..........
.........# #.[........
.........# #..........
.........# ###+#######
'######### ....##
###..###


You could see Gastronok (swift).

Vanquished Creatures
  A two-headed ogre (D:7)
  Pikel (D:5)
  Maurice (D:9)
  Maggie (D:6)
  2 trolls
  A hornet (D:9)
  8 yaks (D:9)
  Eustachio (D:6)
  A water moccasin (D:8)
  An acid dragon (D:8)
  Edmund (D:4)
  Pargi (Sewer)
  3 orc warriors
  A sky beast (D:6)
  2 ice beasts
  A black bear (D:6)
  2 ogres
  A lemure (D:5)
  3 centaurs
  2 phantoms
  Blork the orc (D:4)
  4 kobold brigands
  2 bullfrogs
  A wight (D:6)
  2 howler monkeys (D:9)
  2 quasits (D:7)
  2 hounds (D:6)
  2 jellies
  Crazy Yiuf (D:3)
  4 orc priests
  4 orc wizards
  4 iguanas
  9 adders
  8 gnolls
  3 shadow imps
  4 white imps
  An ufetubus (D:5)
  4 dart slugs
  30 orcs
  9 endoplasms
  2 giant cockroaches (D:1)
  11 goblins
  6 hobgoblins
  5 jackals
  29 kobolds
  4 quokkas
  8 ball pythons
  6 bats
  6 frilled lizards
  3 rats
  A spectral hobgoblin (D:3)
213 creatures vanquished.

Notes
Turn   | Place    | Note
-------+----------+-------------------------------------------
     0 | D:1      | Malachi the Demigod Hunter began the quest for the Orb.
     0 | D:1      | Reached XP level 1. HP: 17/17 MP: 3/3
    63 | D:1      | Reached skill level 4 in Ranged Weapons
    98 | D:1      | Reached XP level 2. HP: 24/24 MP: 4/4
   545 | D:1      | Reached XP level 3. HP: 23/29 MP: 5/5
  1064 | D:2      | Got the Meditations on Hurting
  1461 | D:2      | Reached skill level 5 in Ranged Weapons
  1463 | D:2      | Identified the +7 sling of Might {speed, Will+ Dex+4
                  | Stlth+}
  1868 | D:2      | Reached XP level 4. HP: 36/36 MP: 6/6
  1998 | D:3      | Found a glowing drain.
  1998 | D:3      | You fall into a shaft and drop 1 floor!
  2004 | D:4      | Noticed a phantom
  2047 | Sewer    | Entered a sewer
  2131 | Sewer    | Noticed Pargi
  2135 | Sewer    | Killed Pargi
  2136 | Sewer    | Reached skill level 6 in Ranged Weapons
  2136 | Sewer    | Reached XP level 5. HP: 41/41 MP: 7/7
  2543 | D:3      | Found a runed translucent door.
  2544 | D:3      | Noticed Crazy Yiuf
  2607 | D:3      | Killed Crazy Yiuf
  2766 | D:4      | Reached skill level 7 in Ranged Weapons
  2766 | D:4      | Reached XP level 6. HP: 48/48 MP: 8/8
  2783 | D:4      | Identified the +1 leather armour of Cahihi {Rampage rF++
                  | rC+ Str-3}
  2802 | D:4      | Noticed Blork the orc
  2813 | D:4      | Killed Blork the orc
  2941 | D:4      | Noticed Edmund
  2948 | D:4      | Killed Edmund
  2954 | D:4      | Reached skill level 8 in Ranged Weapons
  2954 | D:4      | Reached XP level 7. HP: 53/53 MP: 9/9
  3398 | D:4      | Identified 2 scrolls of acquirement
  3401 | D:4      | Acquired the +15 Maxwell's patent armour {-Cast -Tele rElec
                  | Will+ rCorr}
  3401 | D:4      | Found the +15 Maxwell's patent armour {-Cast -Tele rElec
                  | Will+ rCorr}
  3407 | D:4      | Acquired the ring of Qoir {rF+ rN+ Str+6 Int-4}
  3422 | D:5      | Entered Level 5 of the Dungeon
  3746 | D:5      | Noticed Pikel
  3763 | D:5      | Killed Pikel
  3764 | D:5      | Reached skill level 9 in Ranged Weapons
  3764 | D:5      | Reached skill level 1 in Armour
  3764 | D:5      | Reached XP level 8. HP: 26/60 MP: 10/10
  3797 | D:5      | Reached skill level 10 in Ranged Weapons
  4113 | D:5      | Found Amoe's Jewellery Boutique.
  4369 | D:6      | Found a staircase to the Ecumenical Temple.
  4495 | D:6      | Noticed Maggie
  4509 | D:6      | Killed Maggie
  4510 | D:6      | Reached skill level 11 in Ranged Weapons
  4651 | D:6      | Noticed a troll
  4658 | D:6      | Killed a troll
  5117 | D:6      | Reached XP level 9. HP: 67/67 MP: 11/11
  5272 | D:6      | Noticed Eustachio
  5280 | D:6      | Killed Eustachio
  5453 | D:6      | Reached skill level 12 in Ranged Weapons
  5796 | D:7      | Reached skill level 1 in Long Blades
  5829 | D:7      | Noticed a two-headed ogre
  5848 | D:7      | Killed a two-headed ogre
  7556 | D:9      | Reached skill level 13 in Ranged Weapons
  7623 | D:9      | Reached XP level 10. HP: 74/74 MP: 13/13
  7628 | D:9      | Identified the +8 dagger of Viosues {protect, Str+3}
  7738 | D:9      | Found a staircase to the Orcish Mines.
  7804 | D:9      | Noticed Maurice
  7825 | D:9      | HP: 1/74 [something (7)]
  7835 | D:9      | Reached skill level 14 in Ranged Weapons
  7835 | D:9      | Reached skill level 1 in Shields
  7855 | D:9      | Killed Maurice
  8158 | D:9      | Saw a vision of the Shoals and the Snake Pit.
  8158 | D:9      | Noticed a shock serpent
  8158 | D:9      | Noticed a black mamba
  8158 | D:9      | Noticed a sea snake
  8159 | D:9      | Noticed a naga ritualist
  8159 | D:9      | Noticed a mana viper
  8159 | D:9      | Noticed a merfolk siren
  8326 | D:10     | Entered Level 10 of the Dungeon
  8368 | D:10     | Noticed Gastronok
  8389 | D:10     | Killed from afar by Gastronok

Illustrated notes

Levels and vault maps discovered:
D:1:      ncdulo_wetmaze, layout_basic
D:2:      layout_basic
D:3:      layout_rooms, cheibrodos_sewer_entry_drain,
          dreamdust_ecumenical_altar_drowned_temple, uniq_crazy_yiuf_cottage
D:4:      layout_loops_ring, nicolae_overflow_hidden_temple, uniq_blork_the_orc,
          uniq_edmund
D:5:      layout_loops_ring, serial_shops, nicolae_take_the_stairs, uniq_pikel
D:6:      layout_basic, minmay_temple_entry_tees, nrook_loot_triangle,
          minmay_manual_moon, uniq_maggie, uniq_eustachio
D:7:      layout_gridville, nemelex_dance_club_becter, serial_demonic,
          serial_demonic_b, serial_demonic_f, serial_demonic_a,
          serial_demonic_b, minmay_misc_feat_secret_circle
D:8:      layout_loops_cross, nicolae_gozag_cash_rules_everything_around_me,
          grunt_decor_arrowhead
D:9:      layout_cave_pools, grunt_ashenzari_visionary
          [grunt_ashenzari_visionary_shoals, grunt_ashenzari_visionary_snake],
          uniq_maurice
D:10:     layout_roguey, grunt_dithmenos_smoke_and_mirrors, old_standard_altar,
          dpeg_lair_monsters, serial_curves, eino_curves_02, eino_curves_01,
          enter_bailey_3, uniq_amaemon, uniq_gastronok

Skill      XL: |  1  2  3  4  5  6  7  8  9 10 |
---------------+-------------------------------+-----
Ranged Weapons | 4 5 6 7 8 9 11 13 14 | 14.0
Armour         | 1 2 |  2.6
Fighting       | 2 |  2.6
Long Blades    | 3 |  3.7
Shields        | 1 |  1.6
Short Blades   | |  0.2
Axes           | |  0.2
Maces & Flails | |  0.2
Polearms       | |  0.2
Staves         | |  0.2
Throwing       | |  0.2
Dodging        | |  1.7
Stealth        | |  0.8
Unarmed Combat | |  0.2
Spellcasting   | |  0.4
Conjurations   | |  0.2
Hexes          | |  0.2
Summonings     | |  0.2
Necromancy     | |  0.2
Translocations | |  0.4
Transmutations | |  0.2
Fire Magic     | |  0.2
Ice Magic      | |  0.2
Air Magic      | |  0.2
Earth Magic    | |  0.2
Poison Magic   | |  0.3
Evocations     | |  0.2

Action                   |  1- 3 |  4- 6 |  7- 9 | 10-12 || total
-------------------------+-------+-------+-------+-------++-------
Melee: Long sword        |       |       |    50 |    43 ||    93
       Punch             |       |       |       |     1 ||     1
 Fire: Shortbow          |    94 |       |       |       ||    94
       Sling             |     9 |    82 |   331 |    63 ||   485
Evoke: Wand              |       |       |     3 |       ||     3
  Use: Scroll            |       |       |    15 |       ||    15
       Potion            |       |       |     1 |     2 ||     3
Armor: Leather armour    |     1 |     1 |     4 |       ||     6
       Plate armour      |       |       |   137 |    79 ||   216
Dodge: Dodged            |    24 |     5 |    63 |    37 ||   129

Table legend: (Time is in decaauts)
 A = Elapsed time spent in this place.
 B = Non-inter-level travel time spent in this place.
 C = Inter-level travel time spent in this place.
 D = Time resting spent in this place.
 E = Time spent auto-exploring this place.
 F = Levels seen in this place.
 G = Mean time per level.
                   A        B        C        D        E       F      G
               +--------+--------+--------+--------+--------+-----+--------+
         Total |   8389 |   8209 |    180 |    100 |   6870 |  11 |  762.6 |
       Dungeon |   8258 |   8078 |    180 |    100 |   6775 |  10 |  825.8 |
         Sewer |    130 |    130 |      0 |      0 |     95 |   1 |  130.0 |
               +--------+--------+--------+--------+--------+-----+--------+

Top non-repeatable levels by time:
     D:6: 1349 daAuts
     D:2: 1074 daAuts
     D:7: 1023 daAuts
     D:1: 955 daAuts
     D:8: 901 daAuts
     D:5: 818 daAuts
     D:9: 791 daAuts
     D:4: 655 daAuts
     D:3: 622 daAuts
   Sewer: 130 daAuts
    D:10: 66 daAuts
